AoeStats
← Shortshanks

Arabia

506029412Analyzed
4v4 RM · 21d ago on Sep 12, 2026· 44m 14s· 8 players
Game mode
Random Map
Map size
Large (8 player)
Population
200
Speed
Normal
Resources
Standard
Victory
Conquest
Starting age
Dark Age
Ending age
Imperial Age
RankedLock teamsTeams togetherTeam positionsShared explorationLock speedFull tech treeHidden civsTurbo modeCheats
Victory
Defeat
🇺🇸 Britons · United States
873
+15
🇨🇳 Portuguese · China
794
+19
🇫🇷 Celts · France
762
+20
🇺🇸 Franks · United States
734
+21
🇺🇸 Burgundians · United States
1000
-91
🇺🇸 Bohemians · United States
939
-69
🇺🇸 Turks · United States
752
-15
🇺🇸 Huns · United States
710
-13
im just gettin lucky
10:29 Feudal Age
11:30 Double-Bit Axe
18:57 Castle Age
18:22 Wheelbarrow
20:37 Bow Saw
33:54 Imperial Age
31:21 Loom
31:56 Hand Cart
33:30 Scale Barding Armor
33:36 Forging
33:46 Forging
35:16 Chain Barding Armor
35:35 Iron Casting
35:06 Chivalry
35:26 Conscription
35:20 Cavalier
36:00 Husbandry
36:41 Plate Barding Armor
37:09 Blast Furnace
36:09 Paladin
37:00 Gold Mining
37:13 Stone Mining
39:42 Gold Shaft Mining
krook
9:52 Feudal Age
11:28 Double-Bit Axe
11:24 Horse Collar
13:55 Loom
17:52 Stone Mining
21:28 Fletching
23:44 Castle Age
22:37 Padded Archer Armor
25:39 Gold Mining
26:00 Town Watch
26:51 Wheelbarrow
27:52 Town Patrol
27:56 Bodkin Arrow
29:07 Heavy Plow
29:19 Bow Saw
30:24 Leather Archer Armor
32:26 Yeomen
33:21 Hand Cart
36:53 Imperial Age
37:36 Gold Shaft Mining
37:16 Elite Longbowman
37:58 Warwolf
40:13 Bracer
Point and Click
4:57 Loom
11:22 Feudal Age
13:48 Town Watch
15:02 Double-Bit Axe
19:46 Castle Age
17:59 Man-at-Arms
20:57 Long Swordsman
27:05 Bow Saw
28:56 Pikeman
33:53 Imperial Age
31:57 Horse Collar
34:21 Onager
37:29 Chemistry
38:52 Siege Engineers
41:55 Siege Onager
cfirm_h
10:38 Feudal Age
19:13 Castle Age
18:43 Double-Bit Axe
18:40 Horse Collar
19:54 Gold Mining
20:00 Stone Mining
22:11 Heavy Plow
24:59 Wheelbarrow
26:14 Scale Barding Armor
28:40 Husbandry
35:40 Bloodlines
38:23 Imperial Age
36:15 Hand Cart
35:45 Loom
37:49 Chain Barding Armor
39:17 Cavalier
42:07 Chemistry
42:24 Stone Shaft Mining
TheYakKing95
1:19 Loom
9:43 Wheelbarrow
16:01 Feudal Age
18:54 Stone Mining
20:05 Horse Collar
22:53 Heavy Plow
24:31 Man-at-Arms
26:11 Gold Mining
26:56 Stone Shaft Mining
27:25 Fletching
33:39 Castle Age
31:35 Double-Bit Axe
32:31 Gold Shaft Mining
33:48 Arson
34:18 Scale Barding Armor
34:44 Bow Saw
35:12 Forging
37:22 Elite Skirmisher
37:35 Long Swordsman
38:54 Burgundian Vineyards
40:52 Pikeman
WackierMonk
0:35 Loom
16:48 Feudal Age
20:51 Castle Age
20:35 Horse Collar
20:45 Double-Bit Axe
20:53 Gold Mining
24:36 Bow Saw
26:25 Wheelbarrow
26:04 Town Watch
27:26 Heavy Plow
28:58 Fletching
29:12 Padded Archer Armor
29:43 Caravan
31:45 Hand Cart
31:44 Bodkin Arrow
32:42 Leather Archer Armor
37:56 Imperial Age
36:48 Thumb Ring
36:56 Bloodlines
36:46 Husbandry
37:09 Forging
37:04 Scale Barding Armor
37:29 Ballistics
37:16 Murder Holes
38:37 Iron Casting
38:00 Elite Tarkan
39:23 Gold Shaft Mining
38:40 Stone Mining
39:46 Bracer
41:40 Parthian Tactics
41:47 Conscription
brianjh15
1:04 Loom
10:10 Feudal Age
10:43 Town Watch
11:03 Double-Bit Axe
16:52 Scale Mail Armor
17:42 Wheelbarrow
19:06 Gold Mining
19:14 Horse Collar
20:33 Stone Mining
25:01 Castle Age
25:57 Castle Age
33:26 Castle Age
Shortshanks
11:16 Feudal Age
12:42 Horse Collar
13:03 Double-Bit Axe
17:19 Padded Archer Armor
20:21 Castle Age
20:22 Pikeman
25:23 Chemistry
30:39 Heavy Plow
34:04 Imperial Age
34:18 Halberdier
36:54 Conscription
Connection lost

Rejoining the realm…

Still unreachable

The connection could not be restored.

Session expired

The server has moved on; the page needs a fresh start.